 Dungeon Crawl Stone Soup version 0.18.1-48-g4cf74bf (webtiles) character file.

4400 Kisielow the Carver (level 10, -15/90 HPs)
             Began as a Minotaur Fighter on June 26, 2016.
             Was an Elder of Okawaru.
             Blown up by a cacodemon (28 damage)
             ... with a bolt of energy
             ... on level 2 of the Abyss.
             The game lasted 00:14:20 (6452 turns).

Kisielow the Carver (Minotaur Fighter)              Turns: 6452, Time: 00:14:20

Health: -15/90     AC: 13    Str: 25    XL:     10   Next: 13%
Magic:  0/19       EV:  4    Int:  7    God:    Okawaru [****..]
Gold:   556        SH: 18    Dex:  9    Spells: 0 memorised, 9 levels left

rFire  + . .     SeeInvis .     k - +2 scimitar (flame)
rCold  + + .     Gourm    .     l - +0 plate armour
rNeg   . . .     Faith    .     t - +1 large shield
rPois  +         Spirit   +     (helmet restricted)
rElec  +         Dismiss  .     (no cloak)
rCorr  +         Reflect  .     (no gloves)
SustAt .         Harm     .     (no boots)
MR     .....     Clarity  +     g - amulet of guardian spirit
Stlth  ..........               u - ring of magical power
                                A - ring of protection from cold

@: about to teleport, resistant, very slightly contaminated, slowed, invisible,
very slow, not resistant to hostile enchantments, extremely unstealthy
A: retaliatory headbutt, horns 2, talons 1, berserk 1, clarity, clever 1, poison
resistance
a: Heroism, Renounce Religion


You were on level 2 of the Abyss.
You worshipped Okawaru.
Okawaru was greatly pleased with you.
You were not hungry.

You visited 2 branches of the dungeon, and saw 9 of its levels.
You visited the Abyss 1 time.

You collected 556 gold pieces.

Inventory:

Hand Weapons
 k - a +2 scimitar of flaming (weapon)
Armour
 l - a +0 plate armour (worn)
 t - a +1 large shield (worn)
Jewellery
 b - an uncursed amulet of regeneration {unknown}
 g - an amulet of guardian spirit (around neck)
 u - a ring of magical power (right hand)
 x - an uncursed amulet of rage {unknown}
 z - an uncursed ring of flight
 A - a ring of protection from cold (left hand)
 E - an uncursed amulet of dismissal
Wands
 m - a wand of lightning (3/15)
 n - a wand of polymorph (6/24)
 o - a wand of lightning (7/15)
 C - a wand of flame (48/48)
Scrolls
 a - 2 scrolls of remove curse
 i - 3 scrolls of magic mapping
 y - 4 scrolls of amnesia
Potions
 c - a potion of cure mutation
 d - a potion of magic
 e - a potion of lignification
 p - a potion of resistance
 r - a potion of invisibility
 w - a potion of agility
Comestibles
 f - 6 bread rations
 h - a chunk of flesh
 j - 4 meat rations
 q - a beef jerky
 s - 15 fruits


   Skills:
 - Level 8.4 Fighting
 - Level 11.3 Long Blades
 - Level 8.1 Armour
 - Level 8.2 Shields
 + Level 2.5 Invocations
 + Level 2.4 Evocations


You had 9 spell levels left.
You didn't know any spells.

Dungeon Overview and Level Annotations

Branches:
Dungeon (8/15)             Temple (1/1) D:4
   Lair: D:8-11

Altars:
Cheibriados
Dithmenos
Elyvilon
Fedhas
Gozag
Kikubaaqudgha
Makhleb
Nemelex Xobeh
Okawaru
Pakellas
Qazlal
Ru
Sif Muna
Trog
Vehumet
Xom
Yredelemnul

Shops:
D:4 }

Annotations:
D:8 Erolcha


Innate Abilities, Weirdness & Mutations

You reflexively headbutt those who attack you in melee.
You have a pair of horns on your head.
You have sharp toenails.
You tend to lose your temper in combat.
You possess an exceptional clarity of mind.
Your mind is acute. (Int +2)
Your system is resistant to poisons.


Message History

* * * LOW HITPOINT WARNING * * *
The sixfirhy shocks you!
* * * LOW HITPOINT WARNING * * *
The sixfirhy hits you but does no damage. x2
You block the sixfirhy's attack.
Read which item? (? for menu, Esc to quit)
As you read the scroll of teleportation, it crumbles to dust.
You feel strangely unstable.
You feel the power of the Abyss delaying your translocation!
Drink which item? (? for menu, Esc to quit)
It was a potion of curing.
You feel better. The cacodemon gestures at you.
You feel momentarily confused.
Drink which item? (? for menu, Esc to quit)
You feel protected.
The cacodemon hits you but does no damage.
You block the cacodemon's attack. You block the orange demon's attack.
The cacodemon gestures at you. The bolt of energy hits you!
You die...

#.##
........##
.....
...#..##
#.####...#
#.#
###...#.##
..
#$4....# #
#
#.#4#...#
.# ..
#4#..##
#.. #2#..
. #.. #@#
...# ##
#.######
#.. ...#
....
#...#.
##.### ..#


You could see a cacodemon, an orange demon and 2 sixfirhies.

Vanquished Creatures
  Grinder (D:6)
  A hippogriff (D:7)
  6 yaks
  Eustachio (D:5)
  Menkaure (D:4)
  2 phantoms
  7 ice beasts
  A black bear (D:4)
  3 sky beasts
  A necrophage (D:6)
  2 ogres (D:7)
  A centaur (D:5)
  Blork the orc (D:5)
  A big kobold (D:7)
  3 giant frogs (D:6)
  2 howler monkeys
  3 giant frog zombies
  4 crimson imps
  2 giant frog skeletons
  A jelly (D:7)
  Crazy Yiuf (D:5)
  A hound (D:5)
  2 orc priests
  An iguana (D:7)
  An orc wizard (D:4)
  5 worker ants
  A killer bee zombie (D:6)
  A hound zombie (D:5)
  A howler monkey zombie (D:5)
  A worker ant zombie (D:6)
  10 adders
  5 gnolls
  3 shadow imps
  5 oozes
  3 adder skeletons
  3 dart slugs
  4 giant geckos
  26 orcs
  9 bats
  5 giant cockroaches
  4 goblins
  5 hobgoblins
  19 jackals
  6 quokkas
  2 ball pythons
  A ball python skeleton (D:4)
  A giant cockroach zombie (D:5)
  5 giant newts
  13 kobolds
  8 rats
196 creatures vanquished.

Vanquished Creatures (others)
  An orc wizard (D:5)
1 creature vanquished.

Grand Total: 197 creatures vanquished

Notes
Turn   | Place    | Note
--------------------------------------------------------------
     0 | D:1      | Kisielow the Minotaur Fighter began the quest for the Orb.
     0 | D:1      | Reached XP level 1. HP: 19/19 MP: 0/0
    14 | D:1      | Reached skill level 3 in Long Blades
   112 | D:1      | Reached XP level 2. HP: 26/26 MP: 1/1
   437 | D:1      | Reached skill level 4 in Long Blades
   492 | D:1      | Reached XP level 3. HP: 27/31 MP: 2/2
   854 | D:2      | Reached skill level 5 in Long Blades
  1052 | D:2      | Reached XP level 4. HP: 40/40 MP: 3/3
  1217 | D:3      | Found a sacrificial altar of Ru.
  1536 | D:3      | Reached XP level 5. HP: 46/46 MP: 4/4
  1835 | D:4      | Noticed Menkaure
  1835 | D:4      | Noticed a black bear
  1850 | D:4      | Killed Menkaure
  1850 | D:4      | Reached skill level 6 in Long Blades
  1850 | D:4      | Reached XP level 6. HP: 39/53 MP: 1/5
  2158 | D:4      | Reached skill level 5 in Shields
  2229 | D:4      | Found a radiant altar of Vehumet.
  2425 | D:4      | Reached skill level 5 in Fighting
  2450 | D:4      | Found an oddly glowing altar of Pakellas.
  2450 | D:4      | Found Pakellas's Prime Provisions.
  2633 | D:4      | Found a staircase to the Ecumenical Temple.
  2736 | Temple   | Entered the Ecumenical Temple
  2786 | Temple   | Became a worshipper of Warmaster Okawaru
  2998 | D:5      | Entered Level 5 of the Dungeon
  3014 | D:5      | Reached skill level 7 in Long Blades
  3054 | D:5      | Reached XP level 7. HP: 59/61 MP: 6/6
  3081 | D:5      | Gained mutation: Your system is resistant to poisons. [potion of beneficial mutation]
  3153 | D:5      | Noticed Blork the orc
  3163 | D:5      | Killed Blork the orc
  3202 | D:5      | Reached skill level 5 in Armour
  3294 | D:5      | Reached skill level 8 in Long Blades
  3354 | D:5      | Reached * piety under Okawaru
  3373 | D:5      | Reached XP level 8. HP: 31/70 MP: 7/7
  3380 | D:5      | Gained mutation: You tend to lose your temper in combat. [mutagenic meat]
  3384 | D:5      | Gained mutation: Your mind is acute. (Int +2) [mutagenic meat]
  3385 | D:5      | Gained mutation: You have sharp toenails. [mutagenic meat]
  3387 | D:5      | Gained mutation: You possess an exceptional clarity of mind. [mutagenic meat]
  3648 | D:5      | Noticed Eustachio
  3677 | D:5      | Killed Eustachio
  3700 | D:5      | Reached skill level 9 in Long Blades
  3955 | D:5      | Found a white marble altar of Elyvilon.
  4048 | D:5      | Noticed Crazy Yiuf
  4055 | D:5      | Killed Crazy Yiuf
  4224 | D:6      | Reached ** piety under Okawaru
  4651 | D:6      | Reached XP level 9. HP: 79/79 MP: 8/8
  4669 | D:6      | Reached skill level 10 in Long Blades
  4704 | D:6      | Noticed Grinder
  4705 | D:6      | Paralysed by Grinder for 7 turns
  4726 | D:6      | Killed Grinder
  4726 | D:6      | Reached *** piety under Okawaru
  5106 | D:6      | Identified a scroll of acquirement
  5348 | D:7      | Reached skill level 11 in Long Blades
  5356 | D:7      | Reached **** piety under Okawaru
  5552 | D:7      | Reached skill level 1 in Invocations
  5552 | D:7      | Reached skill level 1 in Evocations
  5592 | D:7      | Reached XP level 10. HP: 86/90 MP: 9/9
  5852 | D:7      | Found a shimmering altar of Xom.
  6360 | D:8      | Noticed Erolcha
  6373 | D:8      | Cast into level 2 of the Abyss (Erolcha)
  6434 | Abyss:2  | Noticed a cacodemon
  6438 | Abyss:2  | Noticed a sixfirhy
  6439 | Abyss:2  | Noticed an orange demon
  6443 | Abyss:2  | Noticed a sixfirhy
  6448 | Abyss:2  | HP: 4/90 [sixfirhy[a cacodemon] (5)]
  6452 | Abyss:2  | Blown up by a cacodemon

Skill      XL: |  1  2  3  4  5  6  7  8  9 10 |
---------------+-------------------------------+-----
Long Blades    | 3 4 5 6 7 8 9 11 | 11.3
Shields        | 4 5 7 8 |  8.2
Fighting       | 4 5 6 7 8 |  8.4
Armour         | 4 5 6 8 |  8.1
Invocations    | 1 2 |  2.5
Evocations     | 1 2 |  2.4

Action                   |  1- 3 |  4- 6 |  7- 9 | 10-12 || total
-------------------------+-------+-------+-------+-------++-------
Melee: Long sword        |    99 |   174 |   300 |       ||   573
       Headbutt          |    17 |    34 |    59 |     8 ||   118
       Kick              |       |       |    88 |    15 ||   103
       Scimitar          |       |       |    67 |    64 ||   131
  Use: Potion            |       |     4 |     2 |     3 ||     9
       Scroll            |       |       |    21 |     1 ||    22
  Eat: Chunk             |       |     7 |    13 |     3 ||    23
       Beef jerky        |       |       |     1 |       ||     1
Armor: Scale mail        |    13 |       |       |       ||    13
       Plate armour      |    57 |   125 |   173 |    20 ||   375
Dodge: Dodged            |    14 |    25 |    57 |     5 ||   101
Block: Shield            |    58 |    96 |   161 |       ||   315
       Large shield      |       |       |   114 |    47 ||   161
